| TOP OF THE 1ST |
|
Dayton Dragons batting - Pitching for South Bend Cubs : RHP Roberto Cruz
|
|
Pitching: RHP Roberto Cruz
|
|
|
Batting: LHB Jeremy Robertson
|
0-0: Swinging Strike 0-1: Ball 1-1: Ball 2-1: Swinging Strike 2-2: Ball 3-2: Strikes out swinging
|
|
Batting: LHB Chris Redhead
|
0-0: Called Strike 0-1: Fly out, F6 (Popup, 6MD, EV 53.1 MPH)
|
|
Batting: RHB Tony Casas
|
0-0: Ball 1-0: Swinging Strike 1-1: Ball 2-1: Ball 3-1: Called Strike 3-2: SINGLE (Groundball, 4D, EV 103.1 MPH)
|
|
Batting: LHB Matt Kennedy
|
0-0: Called Strike Tony Casas steals 2nd base 0-1: Ball 1-1: Called Strike 1-2: Ball 2-2: Strikes out swinging
|
| Top of the 1st over - 0 runs, 1 hit, 0 errors, 1 left on base; Dayton 0 - South Bend 0 |
| BOTTOM OF THE 1ST |
|
South Bend Cubs batting - Pitching for Dayton Dragons : LHP Josue Silva
|
|
Pitching: LHP Josue Silva
|
|
|
Batting: RHB Andy Huntley
|
0-0: Called Strike 0-1: Swinging Strike 0-2: Foul Ball, location: 2F 0-2: Strikes out looking
|
|
Batting: LHB Kwang-chih Men
|
0-0: Ground out 4-3 (Groundball, 4D, EV 101.2 MPH)
|
|
Batting: RHB Taylor Garofalo
|
0-0: Called Strike 0-1: Ball 1-1: Called Strike 1-2: Foul Ball, location: 2F 1-2: Ball 2-2: Ball 3-2: Fly out, F8 (Line Drive, 8LM, EV 98.8 MPH)
|
| Bottom of the 1st over - 0 runs, 0 hits, 0 errors, 0 left on base; Dayton 0 - South Bend 0 |
| TOP OF THE 2ND |
|
Dayton Dragons batting - Pitching for South Bend Cubs : RHP Roberto Cruz
|
|
Batting: RHB Andy Bachman
|
0-0: Ball 1-0: Swinging Strike 1-1: Swinging Strike 1-2: Strikes out looking
|
|
Batting: RHB Mark Williams
|
0-0: Fly out, F8 (Flyball, 89S, EV 89.4 MPH)
|
|
Batting: RHB Juan Zamora
|
0-0: Ball 1-0: Foul Ball, location: 2F 1-1: Fly out, F8 (Flyball, 89D, EV 92.5 MPH)
|
| Top of the 2nd over - 0 runs, 0 hits, 0 errors, 0 left on base; Dayton 0 - South Bend 0 |
| BOTTOM OF THE 2ND |
|
South Bend Cubs batting - Pitching for Dayton Dragons : LHP Josue Silva
|
|
Batting: RHB Roy Battist
|
0-0: Ball 1-0: Called Strike 1-1: SINGLE (Groundball, 56D, EV 105.6 MPH)
|
|
Batting: RHB Juan Bonilla
|
0-0: Foul Ball, location: 2F 0-1: Ball 1-1: Ball 2-1: Foul Ball, location: 2F 2-2: Ball 3-2: SINGLE (Groundball, 34D, EV 98.1 MPH) Roy Battist to second
|
|
Batting: RHB Puluke Konane
|
0-0: Swinging Strike 0-1: Fly out, F9 (Flyball, 9S, EV 86.9 MPH)
|
|
Batting: RHB Denis Rachin
|
0-0: Ball 1-0: Ball 2-0: Ball 3-0: Base on Balls Roy Battist to third Juan Bonilla to second
|
|
Batting: RHB Hugo Torrez
|
0-0: Ball 1-0: Ball 2-0: Called Strike 2-1: Foul Ball, location: 2F 2-2: Ball 3-2: Foul Ball, location: 2F 3-2: Foul Ball, location: 2F 3-2: Base on Balls Roy Battist scores Juan Bonilla to third Denis Rachin to second
|
|
Batting: RHB Ryan Bush
|
0-0: Ball 1-0: Called Strike 1-1: Foul Ball, location: 2F 1-2: Strikes out swinging
|
|
Batting: RHB Andy Huntley
|
0-0: Ball 1-0: Foul Ball, location: 2F 1-1: Swinging Strike 1-2: Ball 2-2: Ball 3-2: SINGLE (Groundball, 6D, EV 95.0 MPH) Juan Bonilla scores Denis Rachin to third Hugo Torrez to second Denis Rachin scores Hugo Torrez to third
|
|
Batting: LHB Kwang-chih Men
|
0-0: Called Strike 0-1: SINGLE (Flyball, 8LS, EV 91.9 MPH) Hugo Torrez scores Andy Huntley to second
|
|
Batting: RHB Taylor Garofalo
|
0-0: Called Strike 0-1: Swinging Strike 0-2: Ball 1-2: Ball 2-2: Reached on error, E4 (Groundball, 4, EV 81.9 MPH) Andy Huntley scores Kwang-chih Men to third
|
|
Pitching: RHP Jose Marrero
|
|
|
Batting: RHB Roy Battist
|
0-0: Called Strike 0-1: Ball 1-1: Foul Ball, location: 2F 1-2: SINGLE (Groundball, 6M, EV 94.4 MPH) (infield hit) Kwang-chih Men scores Taylor Garofalo to third
|
|
Batting: RHB Juan Bonilla
|
0-0: Ball 1-0: Foul Ball, location: 2F 1-1: Ball 2-1: 3-RUN HOME RUN (Flyball, 78XD, EV 113.8 MPH), Distance : 453 ft
|
|
Batting: RHB Puluke Konane
|
0-0: Fly out, F9 (Flyball, 9, EV 83.8 MPH)
|
| Bottom of the 2nd over - 9 runs, 6 hits, 1 error, 0 left on base; Dayton 0 - South Bend 9 |
| TOP OF THE 3RD |
|
Dayton Dragons batting - Pitching for South Bend Cubs : RHP Roberto Cruz
|
|
Batting: RHB Ernie Maldonado
|
0-0: Ball 1-0: SINGLE (Groundball, 6D, EV 96.2 MPH)
|
|
Batting: RHB Yutaka Sato
|
0-0: Foul Ball, location: 2F 0-1: Grounds into double play, 5-4-3 (Groundball, 56S, EV 77.5 MPH)
|
|
Batting: LHB Jeremy Robertson
|
0-0: Ball 1-0: Ball 2-0: Ball 3-0: Called Strike 3-1: Foul Ball, location: 2F 3-2: SINGLE (Line Drive, 56, EV 96.9 MPH)
|
|
Batting: LHB Chris Redhead
|
0-0: Called Strike 0-1: Swinging Strike 0-2: Strikes out swinging
|
| Top of the 3rd over - 0 runs, 2 hits, 0 errors, 1 left on base; Dayton 0 - South Bend 9 |
| BOTTOM OF THE 3RD |
|
South Bend Cubs batting - Pitching for Dayton Dragons : RHP Jose Marrero
|
|
Batting: RHB Denis Rachin
|
0-0: Foul Ball, location: 2F 0-1: Foul Ball, location: 2F 0-2: Reached on error, E5 (Groundball, 5, EV 106.2 MPH)
|
|
Batting: RHB Hugo Torrez
|
0-0: Fly out, F8 (Flyball, 78M, EV 85.6 MPH)
|
|
Batting: RHB Ryan Bush
|
0-0: Swinging Strike 0-1: Ball 1-1: Foul Ball, location: 2F 1-2: Ball 2-2: Strikes out swinging
|
|
Batting: RHB Andy Huntley
|
0-0: Ball 1-0: Ball 2-0: Called Strike 2-1: Swinging Strike 2-2: Ball 3-2: Fly out, F4 (Line Drive, 4, EV 72.5 MPH)
|
| Bottom of the 3rd over - 0 runs, 0 hits, 1 error, 1 left on base; Dayton 0 - South Bend 9 |
| TOP OF THE 4TH |
|
Dayton Dragons batting - Pitching for South Bend Cubs : RHP Roberto Cruz
|
|
Batting: RHB Tony Casas
|
0-0: Ball 1-0: Foul Ball, location: 2F 1-1: Ball 2-1: Ball 3-1: Base on Balls
|
|
Batting: LHB Matt Kennedy
|
0-0: Ball Tony Casas steals 2nd base 1-0: Ball 2-0: Ball 3-0: Base on Balls
|
|
Batting: RHB Andy Bachman
|
0-0: Called Strike 0-1: Ball 1-1: Foul Ball, location: 2F 1-2: Ball 2-2: Strikes out swinging
|
|
Batting: RHB Mark Williams
|
0-0: Called Strike Tony Casas steals 3rd base (no throw) 0-1: Foul Ball, location: 2F 0-2: Ball 1-2: Foul Ball, location: 2F 1-2: SINGLE (Groundball, 4M, EV 103.1 MPH) (infield hit) Tony Casas scores Matt Kennedy to second
|
|
Batting: RHB Juan Zamora
|
0-0: Called Strike 0-1: Ball 1-1: Ball 2-1: Ball 3-1: Reached on error, E9 (Line Drive, 9D, EV 85.0 MPH) Matt Kennedy scores Mark Williams to third
|
|
Batting: RHB Ernie Maldonado
|
0-0: Foul Ball, location: 2F 0-1: Fly out, F8 (Line Drive, 78M, EV 91.9 MPH) Runner from 3rd tags up, SCORES, throw by CF
|
|
Batting: RHB Yutaka Sato
|
0-0: Ball 1-0: Foul Ball, location: 2F 1-1: Foul Ball, location: 2F 1-2: Strikes out swinging
|
| Top of the 4th over - 3 runs, 1 hit, 1 error, 1 left on base; Dayton 3 - South Bend 9 |
| BOTTOM OF THE 4TH |
|
South Bend Cubs batting - Pitching for Dayton Dragons : RHP Jose Marrero
|
|
Batting: LHB Kwang-chih Men
|
0-0: Ground out 2-3 (Groundball, 2R, EV 70.0 MPH)
|
|
Batting: RHB Taylor Garofalo
|
0-0: Foul Ball, location: 2F 0-1: Called Strike 0-2: Strikes out looking
|
|
Batting: RHB Roy Battist
|
0-0: Foul Ball, location: 2F 0-1: Ball 1-1: Ball 2-1: Foul Ball, location: 2F 2-2: Strikes out swinging
|
| Bottom of the 4th over - 0 runs, 0 hits, 0 errors, 0 left on base; Dayton 3 - South Bend 9 |
| TOP OF THE 5TH |
|
Dayton Dragons batting - Pitching for South Bend Cubs : RHP Roberto Cruz
|
|
Batting: LHB Jeremy Robertson
|
0-0: Called Strike 0-1: Ball 1-1: Swinging Strike 1-2: Strikes out swinging
|
|
Batting: LHB Chris Redhead
|
0-0: Called Strike 0-1: Ball 1-1: Foul Ball, location: 2F 1-2: Foul Ball, location: 2F 1-2: Ball 2-2: Ball 3-2: DOUBLE (Line Drive, 9LD, EV 110.6 MPH)
|
|
Batting: RHB Tony Casas
|
0-0: Ball 1-0: Foul Ball, location: 2F 1-1: Foul Ball, location: 2F 1-2: Ball 2-2: Foul Ball, location: 2F 2-2: Foul Ball, location: 2F 2-2: Foul Ball, location: 2F 2-2: Ball 3-2: Foul Ball, location: 2F 3-2: SINGLE (Line Drive, 6MD, EV 94.4 MPH) Chris Redhead to third
|
|
Pitching: RHP Velimir Sljivancanin
|
|
|
Batting: LHB Matt Kennedy
|
0-0: Ball 1-0: Ball 2-0: Swinging Strike 2-1: Ball 3-1: Called Strike 3-2: Strikes out swinging
|
|
Batting: RHB Andy Bachman
|
0-0: Ball 1-0: Ball 2-0: Ball 3-0: Base on Balls Tony Casas to second
|
|
Batting: RHB Mark Williams
|
0-0: Ball 1-0: Swinging Strike 1-1: Ground out 6-3 (Groundball, P, EV 89.4 MPH)
|
| Top of the 5th over - 0 runs, 2 hits, 0 errors, 3 left on base; Dayton 3 - South Bend 9 |
| BOTTOM OF THE 5TH |
|
South Bend Cubs batting - Pitching for Dayton Dragons : RHP Jose Marrero
|
|
Batting: RHB Juan Bonilla
|
0-0: Swinging Strike 0-1: Ball 1-1: Ball 2-1: Ground out 2-3 (Groundball, 15S, EV 76.9 MPH)
|
|
Batting: RHB Puluke Konane
|
0-0: Reached on error, E6 (Groundball, 6M, EV 96.2 MPH)
|
|
Batting: RHB Denis Rachin
|
0-0: Called Strike Puluke Konane is caught stealing 2nd base 2-4 0-1: Foul Ball, location: 2F 0-2: Foul Ball, location: 2F 0-2: Ball 1-2: Ball 2-2: Ball 3-2: Foul Ball, location: 2F 3-2: Foul Ball, location: 2F 3-2: Foul Ball, location: 2F 3-2: SINGLE (Groundball, 56D, EV 94.4 MPH)
|
|
Batting: RHB Hugo Torrez
|
0-0: Swinging Strike 0-1: Swinging Strike 0-2: Foul Ball, location: 2F 0-2: Ball 1-2: Ball 2-2: Ball 3-2: Strikes out swinging
|
| Bottom of the 5th over - 0 runs, 1 hit, 1 error, 1 left on base; Dayton 3 - South Bend 9 |
| TOP OF THE 6TH |
|
Dayton Dragons batting - Pitching for South Bend Cubs : RHP Velimir Sljivancanin
|
|
Batting: RHB Juan Zamora
|
0-0: Ball 1-0: Called Strike 1-1: Ball 2-1: Foul Ball, location: 2F 2-2: Strikes out swinging
|
|
Batting: RHB Ernie Maldonado
|
0-0: Called Strike 0-1: Foul Ball, location: 2F 0-2: DOUBLE (Flyball, 78D, EV 109.4 MPH)
|
|
Batting: RHB Yutaka Sato
|
0-0: Called Strike 0-1: Ball 1-1: Ball 2-1: Foul Ball, location: 2F 2-2: Strikes out swinging
|
|
Batting: LHB Jeremy Robertson
|
0-0: Ball 1-0: Called Strike 1-1: Foul Ball, location: 2F 1-2: Strikes out swinging
|
| Top of the 6th over - 0 runs, 1 hit, 0 errors, 1 left on base; Dayton 3 - South Bend 9 |
| BOTTOM OF THE 6TH |
|
South Bend Cubs batting - Pitching for Dayton Dragons : RHP Jose Marrero
|
|
Batting: RHB Ryan Bush
|
0-0: Swinging Strike 0-1: Called Strike 0-2: Foul Ball, location: 2F 0-2: Foul Ball, location: 2F 0-2: Ball 1-2: Strikes out swinging
|
|
Pitching: RHP Amador Sadaba
|
|
|
Batting: RHB Andy Huntley
|
0-0: SINGLE (Groundball, 6M, EV 105.6 MPH) (infield hit)
|
|
Batting: LHB Kwang-chih Men
|
0-0: Ball 1-0: Ball Andy Huntley steals 2nd base 2-0: Ball 3-0: Base on Balls
|
|
Batting: RHB Taylor Garofalo
|
0-0: Called Strike 0-1: Grounds into double play, 3-6-3 (Groundball, 34, EV 100.6 MPH)
|
| Bottom of the 6th over - 0 runs, 1 hit, 0 errors, 1 left on base; Dayton 3 - South Bend 9 |
| TOP OF THE 7TH |
|
Dayton Dragons batting - Pitching for South Bend Cubs : RHP Velimir Sljivancanin
|
|
Pitching: LHP Eddie Panagos
|
|
|
Batting: LHB Chris Redhead
|
0-0: Ground out 4-3 (Groundball, 4, EV 90.0 MPH)
|
|
Batting: RHB Tony Casas
|
0-0: Called Strike 0-1: Ball 1-1: Ball 2-1: Ball 3-1: Swinging Strike 3-2: SOLO HOME RUN (Flyball, 89XD, EV 105.6 MPH), Distance : 424 ft
|
|
Batting: LHB Matt Kennedy
|
0-0: Fly out, F8 (Line Drive, 8LD, EV 91.2 MPH)
|
|
Batting: RHB Andy Bachman
|
0-0: Ball 1-0: Ground out 4-3 (Groundball, 4, EV 106.9 MPH)
|
| Top of the 7th over - 1 run, 1 hit, 0 errors, 0 left on base; Dayton 4 - South Bend 9 |
| BOTTOM OF THE 7TH |
|
South Bend Cubs batting - Pitching for Dayton Dragons : RHP Amador Sadaba
|
|
Batting: RHB Roy Battist
|
0-0: SOLO HOME RUN (Flyball, 7D, EV 98.1 MPH), Distance : 398 ft
|
|
Batting: RHB Juan Bonilla
|
0-0: SOLO HOME RUN (Flyball, 78XD, EV 112.5 MPH), Distance : 427 ft
|
|
Batting: RHB Puluke Konane
|
0-0: Foul Ball, location: 2F 0-1: Ball 1-1: Foul Ball, location: 2F 1-2: SINGLE (Groundball, 56S, EV 71.2 MPH) (infield hit)
|
|
Pinch Runner at 1st Josh Burns:
|
|
|
Batting: RHB Denis Rachin
|
0-0: Ball 1-0: Called Strike 1-1: Ball 2-1: Ball 3-1: Base on Balls Josh Burns to second
|
|
Batting: RHB Hugo Torrez
|
0-0: Ball 1-0: Called Strike 1-1: Ball 2-1: Ball 3-1: 3-RUN HOME RUN (Flyball, 78XD, EV 111.2 MPH), Distance : 410 ft
|
|
Pitching: RHP Brian Trejo
|
|
|
Batting: RHB Ryan Bush
|
0-0: Ball 1-0: Ball 2-0: Ground out 3-1 (Groundball, 34, EV 90.0 MPH)
|
|
Batting: RHB Andy Huntley
|
0-0: DOUBLE (Groundball, 5L, EV 101.9 MPH)
|
|
Batting: LHB Kwang-chih Men
|
0-0: Foul Ball, location: 2F 0-1: Ball 1-1: Fly out, F8 (Flyball, 78M, EV 84.4 MPH)
|
|
Batting: RHB Taylor Garofalo
|
0-0: Ball 1-0: Ball Wild Pitch! Andy Huntley to third 2-0: Reached on error, E6 (Groundball, 6S, EV 80.6 MPH) Andy Huntley scores
|
|
Batting: RHB Roy Battist
|
0-0: Ball 1-0: Called Strike 1-1: Ball 2-1: Foul Ball, location: 2F 2-2: DOUBLE (Line Drive, 9LM, EV 103.1 MPH) Taylor Garofalo to third Runner from 3rd tries for Home, SAFE, throw by RF to home
|
|
Batting: RHB Juan Bonilla
|
0-0: Ball 1-0: Ball 2-0: Ball 3-0: Called Strike 3-1: Foul Ball, location: 2F 3-2: Foul Ball, location: 2F 3-2: Fly out, F9 (Flyball, 9S, EV 88.8 MPH)
|
| Bottom of the 7th over - 7 runs, 6 hits, 1 error, 1 left on base; Dayton 4 - South Bend 16 |
| TOP OF THE 8TH |
|
Dayton Dragons batting - Pitching for South Bend Cubs : LHP Eddie Panagos
|
|
Now in RF: Han-seung Hah
|
|
|
Pinch Hitting: RHB Travis Petrick
|
0-0: Fly out, F8 (Flyball, 78M, EV 80.0 MPH)
|
|
Batting: RHB Juan Zamora
|
0-0: Foul Ball, location: 2F 0-1: Ball 1-1: Called Strike 1-2: Ball 2-2: Ball 3-2: Ground out 5-3 (Groundball, 56, EV 79.4 MPH)
|
|
Pinch Hitting: RHB Al Blanchard
|
0-0: Ball 1-0: Ball 2-0: Called Strike 2-1: Foul Ball, location: 2F 2-2: Strikes out swinging
|
| Top of the 8th over - 0 runs, 0 hits, 0 errors, 0 left on base; Dayton 4 - South Bend 16 |
| BOTTOM OF THE 8TH |
|
South Bend Cubs batting - Pitching for Dayton Dragons : RHP Brian Trejo
|
|
Now at 1B: Travis Petrick
|
|
|
Now at 2B: Jeremy Robertson
|
|
|
Now at 3B: Al Blanchard
|
|
|
Now at SS: Yutaka Sato
|
|
|
Batting: RHB Han-seung Hah
|
0-0: Foul Ball, location: 2F 0-1: Ball 1-1: Ball 2-1: Ball 3-1: Fly out, F8 (Flyball, 89D, EV 110.0 MPH)
|
|
Batting: RHB Denis Rachin
|
0-0: Ground out 1-3 (Groundball, 13S, EV 61.9 MPH)
|
|
Batting: RHB Hugo Torrez
|
0-0: Ball 1-0: Called Strike 1-1: Foul Ball, location: 2F 1-2: SINGLE (Groundball, 56D, EV 101.2 MPH)
|
|
Batting: RHB Ryan Bush
|
0-0: Foul Ball, location: 2F 0-1: Hit by Pitch Hugo Torrez to second
|
|
Batting: RHB Andy Huntley
|
0-0: Swinging Strike 0-1: Foul Ball, location: 2F 0-2: Ball 1-2: Strikes out swinging
|
| Bottom of the 8th over - 0 runs, 1 hit, 0 errors, 2 left on base; Dayton 4 - South Bend 16 |
| TOP OF THE 9TH |
|
Dayton Dragons batting - Pitching for South Bend Cubs : LHP Eddie Panagos
|
|
Batting: RHB Yutaka Sato
|
0-0: Foul Ball, location: 2F 0-1: Called Strike 0-2: Strikes out swinging, 2-3 out at first.
|
|
Batting: LHB Jeremy Robertson
|
0-0: Swinging Strike 0-1: Ball 1-1: SOLO HOME RUN (Flyball, 89XD, EV 103.8 MPH), Distance : 418 ft
|
|
Batting: LHB Chris Redhead
|
0-0: Foul Ball, location: 2F 0-1: Hit by Pitch
|
|
Pinch Hitting: RHB Aaron Barraza
|
0-0: Foul Ball, location: 2F 0-1: Foul Ball, location: 2F 0-2: Ball 1-2: Ball 2-2: Fielders Choice at 2nd, 4-6 (Groundball, 4, EV 93.8 MPH)
|
|
Batting: LHB Matt Kennedy
|
0-0: Ball 1-0: Ball 2-0: Ball 3-0: Called Strike 3-1: Called Strike 3-2: Ground out 6-3 (Groundball, P, EV 88.1 MPH)
|
| Top of the 9th over - 1 run, 1 hit, 0 errors, 1 left on base; Dayton 5 - South Bend 16 |
|